 Dungeon Crawl Stone Soup version 0.29-a0-275-g389c0b56f3 (webtiles) character file.

Game seed: 16992944625199924288

77 faenta the Conjurer (level 4, 30/30 HPs)
             Began as a Demonspawn Conjurer on Mar 10, 2022.
             Quit the game on level 2 of the Dungeon.
             The game lasted 00:05:17 (2125 turns).

faenta the Conjurer (Demonspawn Conjurer)           Turns: 2125, Time: 00:05:17

Health: 30/30      AC:  3    Str:  7    XL:     4   Next: 14%
Magic:  3/7        EV: 12    Int: 21    God:
Gold:   75         SH:  5    Dex: 12    Spells: 5/8 levels left

rFire   . . .      SeeInvis .   c - +0 rapier
rCold   . . .      Faith    .   (no shield)
rNeg    . . .      Spirit   .   a - +0 robe
rPois   .          Reflect  +   (helmet restricted)
rElec   .          Harm     .   k - +0 cloak
rCorr   .          Rampage  .   (no gloves)
Will    .....                   (no boots)
Stlth   ++........              f - amulet of reflection
HPRegen 0.10/turn               (no ring)
MPRegen 0.10/turn               (no ring)

@: no status effects
A: horns 2
a: no special abilities


You were on level 2 of the Dungeon.
You visited 1 branch of the dungeon, and saw 2 of its levels.

You collected 75 gold pieces.

Inventory:

Hand Weapons
 c - a +0 rapier (weapon)
Missiles
 g - 3 curare-tipped darts (quivered)
Armour
 a - a +0 robe (worn)
 k - a +0 cloak (worn)
Jewellery
 f - an amulet of reflection (around neck)
Scrolls
 d - 2 scrolls of enchant armour {unknown}
 e - a scroll of brand weapon {unknown}
 l - a scroll of immolation {unknown}
 m - a scroll of noise {unknown}
Potions
 b - a potion of magic
 h - 2 potions of attraction {unknown}
 i - a potion of haste {unknown}
 j - a potion of heal wounds {unknown}


   Skills:
 + Level 2.3 Dodging
 + Level 2.2 Stealth
 + Level 2.5 Spellcasting
 + Level 4.8 Conjurations


You had 5 spell levels left.
You knew the following spells:

 Your Spells              Type           Power      Damage    Failure   Level
a - Magic Dart            Conj           92%        1d7       1%          1
b - Searing Ray           Conj           46%        2d6       2%          2

Your spell library contained the following spells:

 Spells                   Type           Power      Damage    Failure   Level
 Freeze                   Ice            8%         1d3       14%         1
 Dazzling Flash           Conj/Hex       24%        N/A       16%         3
 Sublimation of Blood     Necr           2%         N/A       22%         2
 Wereblood                Tmut           2%         N/A       22%         2
 Fulminant Prism          Conj/Hex       6%         3d7       45%         4
 Iskenderun's Mystic Bla  Conj/Tloc      12%        2d5       45%         4
 Summon Hydra             Summ           1%         N/A       100%        7


Dungeon Overview and Level Annotations

Branches:
Dungeon (2/15)

Altars:


Innate Abilities, Weirdness & Mutations

You have a pair of horns on your head.


Message History

(Press . to maintain the ray.)
The searing ray hits the gnoll.
The gnoll is severely wounded.
The gnoll misses you.
The searing ray hits the gnoll.
You kill the gnoll!
A gnoll is nearby!
A gnoll is nearby!
Casting: Searing Ray (safe; 3% risk of failure)
Confirm with . or Enter, or press ? or * to list all spells.
Aiming: Magic Dart (safe; 1% risk of failure)
Press: ? - help, Shift-Dir - straight line, f - gnoll
Aim: a gnoll, wielding a +0 flail (wandering, hasn't noticed you, 100% to hit)
The magic dart hits the gnoll but does no damage.
The gnoll shouts!
You hear a shout!
A gnoll comes into view. It is wielding a +0 club.
Casting: Magic Dart (safe; 1% risk of failure)
Confirm with . or Enter, or press ? or * to list all spells.
Aiming: Searing Ray (safe; 3% risk of failure)
Press: ? - help, Shift-Dir - straight line, f - gnoll, p - gnoll
Aim: a gnoll, wielding a +0 club (81% to hit)
Okay, then.
Casting: Searing Ray (safe; 3% risk of failure)
Confirm with . or Enter, or press ? or * to list all spells.
Aiming: Searing Ray (safe; 3% risk of failure)
Press: ? - help, Shift-Dir - straight line, f/p - gnoll
Aim: a gnoll, wielding a +0 flail (81% to hit)
The searing ray hits the gnoll!
The gnoll is heavily wounded.
The searing ray hits the gnoll.
The gnoll is moderately wounded. (Press . to maintain the ray.)
The searing ray hits the gnoll.
You kill the gnoll!
The searing ray hits the gnoll!
You kill the gnoll!
You have reached level 4!
You feel agile.
Your demonic ancestry asserts itself...
The horns on your head grow some more.
Are you sure you want to abandon this character and quit the game? (Confirm with "yes".)

##############
#............#
#.##########.# #
#.# #.# ## #.# #.#
##. #@#
######.###.. #.#
#........... #)#
#.####.###.. #)#
#.# #.#.... #.#
#.# #.#.### #.#
#.# #.#.# #
#.#####.####.#.#
#...).gg.....#.#
#######.######.###


There were no monsters in sight!

Vanquished Creatures
  3 gnolls (D:2)
  An adder (D:2)
  4 dart slugs (D:1)
  3 giant cockroaches
  4 goblins
  5 hobgoblins
  A quokka (D:1)
  3 ball pythons (D:1)
  2 bats
  3 frilled lizards
  2 kobolds (D:1)
  2 rats (D:1)
33 creatures vanquished.

Notes
Turn   | Place    | Note
-------+----------+-------------------------------------------
     0 | D:1      | faenta the Demonspawn Conjurer began the quest for the Orb.
     0 | D:1      | Reached XP level 1. HP: 13/13 MP: 3/3
   521 | D:1      | Gained mutation: You have a pair of small horns on your
                  | head. [demonic ancestry]
   521 | D:1      | Reached XP level 2. HP: 19/19 MP: 1/5
   702 | D:1      | Learned a level 2 spell: Searing Ray
  1347 | D:1      | Reached XP level 3. HP: 24/24 MP: 3/6
  1827 | D:2      | Found a faded altar of an unknown god.
  1831 | D:2      | Got Plato's Reference Book on Cold
  2125 | D:2      | Gained mutation: You have a pair of horns on your head.
                  | [demonic ancestry]
  2125 | D:2      | Reached XP level 4. HP: 30/30 MP: 3/7
  2125 | D:2      | Quit the game

Illustrated notes

Levels and vault maps discovered:
D:1:      dpeg_arrival_oval, layout_basic, serial_co_window_serial,
          co_window_corner_a, co_window_corner_a, co_window_cross_1,
          co_window_of_opportunity_a, co_window_paths_a, co_window_paths_a,
          co_window_paths_b, co_window_broadway_c, co_window_broadway_a,
          co_window_paths_c, co_window_broadway_b, co_window_of_opportunity_c,
          co_window_paths_c, glass_columns_a, glass_columns_b
D:2:      layout_loops_ring, shapermc_ecumenical_altar_rom_forum, uniq_sigmund,
          uniq_robin

Skill      XL: |  1  2  3 |
---------------+----------+-----
Dodging        | 2 |  2.3
Stealth        | 2 |  2.2
Spellcasting   | |  2.5
Conjurations   | |  4.8

Action                   |  1- 3 |  4- 6 || total
-------------------------+-------+-------++-------
Melee: Rapier            |    14 |       ||    14
       Headbutt          |     1 |       ||     1
 Cast: Magic Dart        |    58 |       ||    58
       Searing Ray       |     4 |       ||     4
Dodge: Dodged            |     8 |       ||     8
Block: Other             |     3 |       ||     3

Table legend: (Time is in decaauts)
 A = Elapsed time spent in this place.
 B = Non-inter-level travel time spent in this place.
 C = Inter-level travel time spent in this place.
 D = Time resting spent in this place.
 E = Time spent auto-exploring this place.
 F = Levels seen in this place.
 G = Mean time per level.
                   A        B        C        D        E       F      G
               +--------+--------+--------+--------+--------+-----+--------+
         Total |   2127 |   2088 |     39 |     41 |   1786 |   2 | 1063.5 |
       Dungeon |   2127 |   2088 |     39 |     41 |   1786 |   2 | 1063.5 |
               +--------+--------+--------+--------+--------+-----+--------+

Top non-repeatable levels by time:
     D:1: 1547 daAuts
     D:2: 579 daAuts
